| TOP OF THE 1ST |
|
Delmarva Shorebirds batting - Pitching for Quad Cities River Bandits : RHP Alexander Hagan
|
|
Pitching: RHP Alexander Hagan
|
|
|
Batting: RHB Josh Hopp
|
0-0: Ball 1-0: Ball 2-0: Ground out 3-1 (Groundball, 34S, EV 77.5 MPH)
|
|
Batting: RHB Daniel Jackson
|
0-0: Called Strike 0-1: Foul Ball, location: 2F 0-2: Fly out, F9 (Flyball, 9, EV 81.9 MPH)
|
|
Batting: RHB Ethan Finke
|
0-0: Ground out 4-3 (Groundball, 4, EV 83.8 MPH)
|
| Top of the 1st over - 0 runs, 0 hits, 0 errors, 0 left on base; Delmarva 0 - Quad Cities 0 |
| BOTTOM OF THE 1ST |
|
Quad Cities River Bandits batting - Pitching for Delmarva Shorebirds : RHP Kevin Stewart
|
|
Pitching: RHP Kevin Stewart
|
|
|
Batting: LHB Glenn Lowther
|
0-0: Ball 1-0: Called Strike 1-1: Foul Ball, location: 2F 1-2: Fly out, F8 (Flyball, 8LM, EV 85.6 MPH)
|
|
Batting: RHB Tim Persson
|
0-0: Ball 1-0: Foul Ball, location: 2F 1-1: Ball 2-1: Foul Ball, location: 2F 2-2: Strikes out looking
|
|
Batting: RHB Andrew Pride
|
0-0: Called Strike 0-1: Called Strike 0-2: Ball 1-2: Foul Ball, location: 2F 1-2: Strikes out swinging
|
| Bottom of the 1st over - 0 runs, 0 hits, 0 errors, 0 left on base; Delmarva 0 - Quad Cities 0 |
| TOP OF THE 2ND |
|
Delmarva Shorebirds batting - Pitching for Quad Cities River Bandits : RHP Alexander Hagan
|
|
Batting: RHB Luke Vaccarino
|
0-0: Called Strike 0-1: Called Strike 0-2: SINGLE (Groundball, 25, EV 70.6 MPH) (infield hit)
|
|
Batting: RHB Francisco Viera
|
0-0: Called Strike 0-1: Ball 1-1: Ball 2-1: Ball 3-1: Called Strike 3-2: Base on Balls Luke Vaccarino to second
|
|
Batting: RHB Wes Reynolds
|
0-0: Ball 1-0: Ball 2-0: Foul Ball, location: 2F 2-1: DOUBLE (Flyball, 89D, EV 115.0 MPH) Luke Vaccarino scores Francisco Viera to third
|
|
Batting: RHB Mike Zepeda
|
0-0: Ball 1-0: Swinging Strike 1-1: Ball 2-1: Ball 3-1: Base on Balls
|
|
Batting: LHB Keith Long
|
0-0: Called Strike 0-1: Fly out, F9 (Flyball, 89S, EV 88.8 MPH)
|
|
Batting: RHB Tony Godley
|
0-0: Ball 1-0: Foul Ball, location: 2F 1-1: Ball 2-1: Foul Ball, location: 2F 2-2: Strikes out swinging
|
|
Batting: RHB Josh Hopp
|
0-0: Called Strike 0-1: Called Strike 0-2: Ball 1-2: Ground out 5-3 (Groundball, 15, EV 88.1 MPH)
|
| Top of the 2nd over - 1 run, 2 hits, 0 errors, 3 left on base; Delmarva 1 - Quad Cities 0 |
| BOTTOM OF THE 2ND |
|
Quad Cities River Bandits batting - Pitching for Delmarva Shorebirds : RHP Kevin Stewart
|
|
Batting: RHB Edgar Trejo
|
0-0: Called Strike 0-1: Foul Ball, location: 2F 0-2: Ball 1-2: Strikes out looking
|
|
Batting: LHB Fernando Gomez
|
0-0: Ball 1-0: Ground out 4-3 (Groundball, 4, EV 86.2 MPH)
|
|
Batting: LHB Jackson Trottier
|
0-0: Ball 1-0: Foul Ball, location: 2F 1-1: Fly out, F8 (Flyball, 78M, EV 88.8 MPH)
|
| Bottom of the 2nd over - 0 runs, 0 hits, 0 errors, 0 left on base; Delmarva 1 - Quad Cities 0 |
| TOP OF THE 3RD |
|
Delmarva Shorebirds batting - Pitching for Quad Cities River Bandits : RHP Alexander Hagan
|
|
Batting: RHB Daniel Jackson
|
0-0: Foul Ball, location: 2F 0-1: Ball 1-1: Ground out 4-3 (Groundball, 4M, EV 86.2 MPH)
|
|
Batting: RHB Ethan Finke
|
0-0: Swinging Strike 0-1: Swinging Strike 0-2: Ground out 3-1 (Groundball, 34, EV 103.1 MPH)
|
|
Batting: RHB Luke Vaccarino
|
0-0: Called Strike 0-1: Foul Ball, location: 2F 0-2: Ball 1-2: Fly out, F9 (Flyball, 9LM, EV 90.6 MPH)
|
| Top of the 3rd over - 0 runs, 0 hits, 0 errors, 0 left on base; Delmarva 1 - Quad Cities 0 |
| BOTTOM OF THE 3RD |
|
Quad Cities River Bandits batting - Pitching for Delmarva Shorebirds : RHP Kevin Stewart
|
|
Batting: RHB Joel Vazquez
|
0-0: Called Strike 0-1: Ball 1-1: Called Strike 1-2: Ground out 4-3 (Groundball, 4, EV 81.2 MPH)
|
|
Batting: RHB Reginald McDougall
|
0-0: Foul Ball, location: 2F 0-1: Foul Ball, location: 2F 0-2: SOLO HOME RUN (Flyball, 7LD, EV 95.0 MPH), Distance : 365 ft
|
|
Batting: RHB Lee Wright
|
0-0: Foul Ball, location: 2F 0-1: Ball 1-1: Called Strike 1-2: Foul Ball, location: 2F 1-2: Strikes out swinging
|
|
Batting: LHB Glenn Lowther
|
0-0: Called Strike 0-1: Foul Ball, location: 2F 0-2: Ball 1-2: Ball 2-2: SINGLE (Line Drive, 8LS, EV 87.5 MPH)
|
|
Batting: RHB Tim Persson
|
0-0: Ball 1-0: Ball 2-0: Foul Ball, location: 2F 2-1: Foul Ball, location: 2F 2-2: Ball 3-2: Foul Ball, location: 2F 3-2: Base on Balls Glenn Lowther to second
|
|
Batting: RHB Andrew Pride
|
0-0: Ball 1-0: Swinging Strike 1-1: Called Strike 1-2: Foul Ball, location: 2F 1-2: Foul Ball, location: 2F 1-2: Ball 2-2: Strikes out swinging
|
| Bottom of the 3rd over - 1 run, 2 hits, 0 errors, 2 left on base; Delmarva 1 - Quad Cities 1 |
| TOP OF THE 4TH |
|
Delmarva Shorebirds batting - Pitching for Quad Cities River Bandits : RHP Alexander Hagan
|
|
Batting: RHB Francisco Viera
|
0-0: Ball 1-0: Called Strike 1-1: Foul Ball, location: 2F 1-2: Ball 2-2: Fly out, F6 (Popup, 6MS, EV 76.9 MPH)
|
|
Batting: RHB Wes Reynolds
|
0-0: Ball 1-0: Called Strike 1-1: Foul Ball, location: 2F 1-2: Foul Ball, location: 2F 1-2: Ground out 6-3 (Groundball, 6S, EV 65.0 MPH)
|
|
Batting: RHB Mike Zepeda
|
0-0: Reached on error, E3 (Groundball, 34, EV 100.0 MPH)
|
|
Batting: LHB Keith Long
|
Pickoff Play to 1st, Runner tries for 2nd, OUT after rundown.
|
| Top of the 4th over - 0 runs, 0 hits, 1 error, 0 left on base; Delmarva 1 - Quad Cities 1 |
| BOTTOM OF THE 4TH |
|
Quad Cities River Bandits batting - Pitching for Delmarva Shorebirds : RHP Kevin Stewart
|
|
Batting: RHB Edgar Trejo
|
0-0: Ball 1-0: Ball 2-0: Ground out 4-3 (Groundball, 4, EV 85.6 MPH)
|
|
Batting: LHB Fernando Gomez
|
0-0: Ground out 4-3 (Groundball, 34, EV 85.0 MPH)
|
|
Batting: LHB Jackson Trottier
|
0-0: Called Strike 0-1: Swinging Strike 0-2: Ball 1-2: Foul Ball, location: 2F 1-2: Ball 2-2: Strikes out looking
|
| Bottom of the 4th over - 0 runs, 0 hits, 0 errors, 0 left on base; Delmarva 1 - Quad Cities 1 |
| TOP OF THE 5TH |
|
Delmarva Shorebirds batting - Pitching for Quad Cities River Bandits : RHP Alexander Hagan
|
|
Batting: LHB Keith Long
|
0-0: Ball 1-0: Ball 2-0: DOUBLE (Flyball, 9LD, EV 95.0 MPH)
|
|
Batting: RHB Tony Godley
|
0-0: Ball 1-0: Foul Ball, location: 2F 1-1: Ball 2-1: Fly out, F9 (Flyball, 9S, EV 91.9 MPH)
|
|
Batting: RHB Josh Hopp
|
0-0: Ball 1-0: Ball 2-0: Ball 3-0: Base on Balls
|
|
Batting: RHB Daniel Jackson
|
0-0: Foul Ball, location: 2F 0-1: Fielders Choice at 2nd, 2-6 (Groundball, 2R, EV 70.6 MPH) Keith Long to third
|
|
Batting: RHB Ethan Finke
|
0-0: Ball 1-0: Ball 2-0: Ball 3-0: Base on Balls Daniel Jackson to second
|
|
Batting: RHB Luke Vaccarino
|
0-0: Called Strike 0-1: SINGLE (Line Drive, 9S, EV 91.2 MPH) Keith Long scores Daniel Jackson to third Ethan Finke to second Runner from 3rd tries for Home, SAFE, throw by RF to home
|
|
Batting: RHB Francisco Viera
|
0-0: Ball 1-0: Called Strike 1-1: Ball 2-1: Swinging Strike 2-2: Ball 3-2: Strikes out swinging
|
| Top of the 5th over - 2 runs, 2 hits, 0 errors, 2 left on base; Delmarva 3 - Quad Cities 1 |
| BOTTOM OF THE 5TH |
|
Quad Cities River Bandits batting - Pitching for Delmarva Shorebirds : RHP Kevin Stewart
|
|
Batting: RHB Joel Vazquez
|
0-0: Ball 1-0: Ball 2-0: SINGLE (Groundball, 34D, EV 101.2 MPH)
|
|
Batting: RHB Reginald McDougall
|
0-0: Called Strike 0-1: Swinging Strike 0-2: Ball 1-2: Foul Ball, location: 2F 1-2: Fly out, F5 (Popup, 5F, EV 63.1 MPH)
|
|
Batting: RHB Lee Wright
|
0-0: Called Strike 0-1: Ball 1-1: Swinging Strike 1-2: Ball 2-2: Ground out 5-3 (Groundball, 56, EV 108.8 MPH) Joel Vazquez to second
|
|
Batting: LHB Glenn Lowther
|
0-0: Ball 1-0: Ball 2-0: SINGLE (Line Drive, 89S, EV 103.1 MPH) Joel Vazquez to third Runner from 3rd tries for Home, SAFE, throw by RF to home Glenn Lowther to second
|
|
Batting: RHB Tim Persson
|
0-0: Called Strike 0-1: Ball 1-1: Ball Wild Pitch! Glenn Lowther to third 2-1: Called Strike 2-2: Ball 3-2: Foul Ball, location: 2F 3-2: Foul Ball, location: 2F 3-2: Base on Balls
|
|
Batting: RHB Andrew Pride
|
0-0: Fielders Choice at 2nd, 5-4 (Groundball, 5, EV 90.6 MPH)
|
| Bottom of the 5th over - 1 run, 2 hits, 0 errors, 2 left on base; Delmarva 3 - Quad Cities 2 |
| TOP OF THE 6TH |
|
Delmarva Shorebirds batting - Pitching for Quad Cities River Bandits : RHP Alexander Hagan
|
|
Batting: RHB Wes Reynolds
|
0-0: Ball 1-0: Called Strike 1-1: Foul Ball, location: 2F 1-2: DOUBLE (Line Drive, 9LD, EV 110.6 MPH)
|
|
Batting: RHB Mike Zepeda
|
0-0: Foul Ball, location: 2F 0-1: Foul Ball, location: 2F 0-2: DOUBLE (Line Drive, 7LS, EV 101.2 MPH) Wes Reynolds scores
|
|
Batting: LHB Keith Long
|
0-0: Called Strike 0-1: Ground out 5-3 (Groundball, 5L, EV 108.1 MPH)
|
|
Batting: RHB Tony Godley
|
0-0: Ball Mike Zepeda steals 3rd base 1-0: Ball 2-0: Ball 3-0: Called Strike 3-1: Base on Balls
|
|
Batting: RHB Josh Hopp
|
0-0: Called Strike 0-1: Called Strike Tony Godley steals 2nd, throwing error, E2 Mike Zepeda scores Tony Godley to third 0-2: Ball 1-2: Foul Ball, location: 2F 1-2: Ground out U3 (Groundball, 3S, EV 70.0 MPH)
|
|
Batting: RHB Daniel Jackson
|
0-0: TRIPLE (Flyball, 9LD, EV 95.6 MPH) Tony Godley scores
|
|
Pitching: RHP Carlos Zavala
|
|
|
Batting: RHB Ethan Finke
|
0-0: Swinging Strike 0-1: Foul Ball, location: 2F 0-2: Foul Ball, location: 2F 0-2: Strikes out swinging
|
| Top of the 6th over - 3 runs, 3 hits, 1 error, 1 left on base; Delmarva 6 - Quad Cities 2 |
| BOTTOM OF THE 6TH |
|
Quad Cities River Bandits batting - Pitching for Delmarva Shorebirds : RHP Kevin Stewart
|
|
Batting: RHB Edgar Trejo
|
0-0: Ball 1-0: Called Strike 1-1: Ball 2-1: Ball 3-1: Base on Balls
|
|
Pitching: RHP Adam Browne
|
|
|
Batting: LHB Fernando Gomez
|
0-0: Fly out, F8 (Flyball, 78M, EV 91.9 MPH)
|
|
Batting: LHB Jackson Trottier
|
0-0: Called Strike 0-1: Fielders Choice at 2nd, 4-6 (Groundball, 4, EV 88.8 MPH)
|
|
Batting: RHB Joel Vazquez
|
0-0: Ball 1-0: Ball 2-0: Ball 3-0: Base on Balls Jackson Trottier to second
|
|
Batting: RHB Reginald McDougall
|
0-0: Ball 1-0: Fielders Choice at 2nd, U6 (Groundball, 6M, EV 90.0 MPH)
|
| Bottom of the 6th over - 0 runs, 0 hits, 0 errors, 2 left on base; Delmarva 6 - Quad Cities 2 |
| TOP OF THE 7TH |
|
Delmarva Shorebirds batting - Pitching for Quad Cities River Bandits : RHP Carlos Zavala
|
|
Batting: RHB Luke Vaccarino
|
0-0: Swinging Strike 0-1: Swinging Strike 0-2: SINGLE (Groundball, 34D, EV 95.6 MPH)
|
|
Batting: RHB Francisco Viera
|
0-0: Ball 1-0: 2-RUN HOME RUN (Flyball, 7D, EV 98.1 MPH), Distance : 385 ft
|
|
Batting: RHB Wes Reynolds
|
0-0: Ball 1-0: Ball 2-0: Ball 3-0: Called Strike 3-1: SINGLE (Groundball, 6MS, EV 67.5 MPH) (infield hit)
|
|
Batting: RHB Mike Zepeda
|
0-0: Ball 1-0: Swinging Strike 1-1: Ball 2-1: 2-RUN HOME RUN (Flyball, 78XD, EV 98.8 MPH), Distance : 402 ft
|
|
Pitching: RHP Gabe Torres
|
|
|
Batting: LHB Keith Long
|
0-0: Ball 1-0: Ball 2-0: Foul Ball, location: 2F 2-1: TRIPLE (Line Drive, 7LD, EV 106.9 MPH)
|
|
Batting: RHB Tony Godley
|
0-0: Called Strike 0-1: DOUBLE (Line Drive, 89D, EV 107.5 MPH) Keith Long scores
|
|
Batting: RHB Josh Hopp
|
0-0: Foul Ball, location: 2F 0-1: Swinging Strike 0-2: Hit by Pitch
|
|
Batting: RHB Daniel Jackson
|
0-0: Called Strike 0-1: DOUBLE (Flyball, 8RXD, EV 98.1 MPH) Tony Godley scores Josh Hopp to third
|
|
Batting: RHB Ethan Finke
|
0-0: Ball 1-0: 3-RUN HOME RUN (Flyball, 9D, EV 100.0 MPH), Distance : 369 ft
|
|
Pitching: RHP Tristan Lewis
|
|
|
Batting: RHB Luke Vaccarino
|
0-0: Ball 1-0: Called Strike 1-1: Called Strike 1-2: Ball 2-2: Strikes out looking
|
|
Batting: RHB Francisco Viera
|
0-0: Ball 1-0: Foul Ball, location: 2F 1-1: Called Strike 1-2: Foul Ball, location: 2F 1-2: Ball 2-2: SOLO HOME RUN (Flyball, 7D, EV 102.5 MPH), Distance : 381 ft
|
|
Batting: RHB Wes Reynolds
|
0-0: Ball 1-0: Ball 2-0: Fly out, F9 (Flyball, 9S, EV 93.8 MPH)
|
|
Batting: RHB Mike Zepeda
|
0-0: SINGLE (Flyball, 89S, EV 99.4 MPH)
|
|
Batting: LHB Keith Long
|
0-0: Ball 1-0: Foul Ball, location: 2F 1-1: Ball 2-1: SINGLE (Groundball, 56D, EV 101.2 MPH) Mike Zepeda to second Runner from 2nd tries for 3rd, OUT! 7-5
|
| Top of the 7th over - 10 runs, 11 hits, 0 errors, 1 left on base; Delmarva 16 - Quad Cities 2 |
| BOTTOM OF THE 7TH |
|
Quad Cities River Bandits batting - Pitching for Delmarva Shorebirds : RHP Adam Browne
|
|
Batting: RHB Lee Wright
|
0-0: Foul Ball, location: 2F 0-1: Foul Ball, location: 2F 0-2: Strikes out swinging
|
|
Batting: LHB Glenn Lowther
|
0-0: Foul Ball, location: 2F 0-1: Ball 1-1: Swinging Strike 1-2: Foul Ball, location: 2F 1-2: Hit by Pitch
|
|
Batting: RHB Tim Persson
|
0-0: Ball 1-0: Called Strike Glenn Lowther steals 2nd base (no throw) 1-1: Foul Ball, location: 2F 1-2: Ball 2-2: Strikes out swinging
|
|
Batting: RHB Andrew Pride
|
0-0: Called Strike 0-1: Swinging Strike 0-2: Ball 1-2: Strikes out swinging
|
| Bottom of the 7th over - 0 runs, 0 hits, 0 errors, 1 left on base; Delmarva 16 - Quad Cities 2 |
| TOP OF THE 8TH |
|
Delmarva Shorebirds batting - Pitching for Quad Cities River Bandits : RHP Tristan Lewis
|
|
Batting: RHB Tony Godley
|
0-0: Swinging Strike 0-1: Ball 1-1: Foul Ball, location: 2F 1-2: Ball 2-2: DOUBLE (Flyball, 8RXD, EV 91.2 MPH)
|
|
Batting: RHB Josh Hopp
|
0-0: Called Strike 0-1: Ball 1-1: Ball 2-1: Swinging Strike 2-2: Foul Ball, location: 2F 2-2: Ball Wild Pitch! Tony Godley to third 3-2: Strikes out swinging
|
|
Pinch Hitting: RHB Matthew Neal
|
0-0: Called Strike 0-1: Ball 1-1: Ground out 1-3 (Groundball, P, EV 67.5 MPH)
|
|
Batting: RHB Ethan Finke
|
0-0: Ball Wild Pitch! Tony Godley scores 1-0: Foul Ball, location: 2F 1-1: Ball 2-1: Ball 3-1: Called Strike 3-2: Foul Ball, location: 2F 3-2: Foul Ball, location: 2F 3-2: Base on Balls
|
|
Pitching: RHP Steve Moore
|
|
|
Batting: RHB Luke Vaccarino
|
0-0: SINGLE (Groundball, 34D, EV 106.9 MPH) Ethan Finke to second Runner from 2nd tries for 3rd, SAFE, throw by RF made to third
|
|
Batting: RHB Francisco Viera
|
0-0: Ball 1-0: Swinging Strike 1-1: Foul Ball, location: 2F 1-2: Foul Ball, location: 2F 1-2: Foul Ball, location: 2F 1-2: Ball 2-2: Ball 3-2: Base on Balls Luke Vaccarino to second
|
|
Batting: RHB Wes Reynolds
|
0-0: Called Strike 0-1: Fielders Choice at 2nd, 6-4 (Groundball, 6, EV 91.9 MPH)
|
| Top of the 8th over - 1 run, 2 hits, 0 errors, 3 left on base; Delmarva 17 - Quad Cities 2 |
| BOTTOM OF THE 8TH |
|
Quad Cities River Bandits batting - Pitching for Delmarva Shorebirds : RHP Adam Browne
|
|
Now in RF: Matthew Neal
|
|
|
Batting: RHB Edgar Trejo
|
0-0: Ball 1-0: Ball 2-0: Foul Ball, location: 2F 2-1: Foul Ball, location: 2F 2-2: Foul Ball, location: 2F 2-2: Strikes out looking
|
|
Batting: LHB Fernando Gomez
|
0-0: Called Strike 0-1: Ground out U3 (Groundball, 3, EV 101.9 MPH)
|
|
Pinch Hitting: LHB Mike Staley
|
0-0: Ball 1-0: Foul Ball, location: 2F 1-1: Fly out, F7 (Line Drive, 7S, EV 103.1 MPH)
|
| Bottom of the 8th over - 0 runs, 0 hits, 0 errors, 0 left on base; Delmarva 17 - Quad Cities 2 |
| TOP OF THE 9TH |
|
Delmarva Shorebirds batting - Pitching for Quad Cities River Bandits : RHP Steve Moore
|
|
Now in LF: Mike Staley
|
|
|
Now in RF: Glenn Lowther
|
|
|
Batting: RHB Mike Zepeda
|
0-0: Ball 1-0: Swinging Strike 1-1: Ball 2-1: Foul Ball, location: 2F 2-2: Ball 3-2: Foul Ball, location: 2F 3-2: Strikes out swinging
|
|
Batting: LHB Keith Long
|
0-0: Ball 1-0: Ball 2-0: Ball 3-0: Base on Balls
|
|
Batting: RHB Tony Godley
|
0-0: Called Strike 0-1: Called Strike 0-2: Fly out, F5 (Line Drive, 56, EV 66.9 MPH)
|
|
Batting: RHB Josh Hopp
|
0-0: Ball 1-0: Called Strike 1-1: Ball 2-1: Ground out 6-3 (Groundball, 56, EV 101.2 MPH)
|
| Top of the 9th over - 0 runs, 0 hits, 0 errors, 1 left on base; Delmarva 17 - Quad Cities 2 |
| BOTTOM OF THE 9TH |
|
Quad Cities River Bandits batting - Pitching for Delmarva Shorebirds : RHP Adam Browne
|
|
Batting: RHB Joel Vazquez
|
0-0: Ground out 6-3 (Groundball, 6, EV 105.6 MPH)
|
|
Batting: RHB Reginald McDougall
|
0-0: Ball 1-0: Called Strike 1-1: Ball 2-1: Swinging Strike 2-2: Strikes out swinging
|
|
Batting: RHB Lee Wright
|
0-0: Ball 1-0: Ball 2-0: Called Strike 2-1: Foul Ball, location: 2F 2-2: Fly out, F8 (Line Drive, 89M, EV 85.6 MPH)
|
| Bottom of the 9th over - 0 runs, 0 hits, 0 errors, 0 left on base; Delmarva 17 - Quad Cities 2 |
|